 Dungeon Crawl Stone Soup version 0.30-a0-1082-g70414cbcbb (webtiles) character file.

Game seed: 480586586942554052

890 senseless the Sneak (level 8, -1/54 HPs)
             Began as an Octopode Hunter on Apr 15, 2023.
             Was an Initiate of Gozag.
             Slain by an ice beast (6 damage)
             ... on level 6 of the Dungeon.
             The game lasted 00:11:18 (4359 turns).

senseless the Sneak (Octopode Hunter)               Turns: 4359, Time: 00:11:21

Health: -1/54      AC:  1    Str: 10    XL:     8   Next: 6%
Magic:  8/8        EV: 15    Int: 13    God:    Gozag
Gold:   297        SH:  0    Dex: 16    Spells: 7/7 levels left

rFire   . . .      SeeInvis .    b - +2 whip (freeze)
rCold   + . .      Faith    .    (no shield)
rNeg    . . .      Spirit   .    (helmet restricted)
rPois   .          Reflect  .    (no amulet)
rElec   .          Rampage  .    o - ring of protection from cold
rCorr   .                        (no ring)
Will    .....                    (no ring)
Stlth   ++++                     (no ring)
HPRegen 0.29/turn                (no ring)
MPRegen 0.11/turn                (no ring)
                                 (no ring)
                                 (no ring)

@: no status effects
A: almost no armour, amphibious, 8 rings, camouflage 1, gelatinous body 1,
(nimble swimmer 1), tentacles
a: Renounce Religion, Potion Petition, Call Merchant, Bribe Branch


You were on level 6 of the Dungeon.
You worshipped Gozag.
Gozag was aware of your devotion.
You visited 2 branches of the dungeon, and saw 7 of its levels.

You collected 429 gold pieces.
You spent 23 gold pieces at shops.
You paid 109 gold pieces to Gozag.

Inventory:

Hand Weapons
 a - a +2 sling of freezing
 b - a +2 whip of freezing (weapon)
 h - a +0 shortbow
Armour
 s - an orb of energy
Jewellery
 o - a ring of protection from cold (left tentacle)
Scrolls
 e - 4 scrolls of teleportation
 i - a scroll of fear
 j - a scroll of enchant armour
 l - a scroll of immolation
 r - a scroll of poison
Potions
 c - 4 potions of curing
 d - a potion of ambrosia
 f - 2 potions of might
 g - a potion of heal wounds {unknown}
 k - a potion of brilliance {unknown}
 m - 2 potions of haste {unknown}
 n - a potion of cancellation {unknown}
 p - 3 potions of berserk rage


   Skills:
 + Level 4.8 Fighting
 + Level 6.0 Ranged Weapons
 + Level 4.7 Dodging
 + Level 6.3 Stealth


You had 7 spell levels left.
You didn't know any spells.
Your spell library contained the following spells:

 Spells                   Type           Power      Damage    Failure   Level
 Beastly Appendage        Tmut           0%         N/A       30%         1
 Freeze                   Ice            0%         1d3       30%         1
 Sting                    Tmut/Pois      0%         1d3       30%         1
 Poisonous Vapours        Pois/Air       0%         N/A       43%         2
 Static Discharge         Conj/Air       0%         2-2/arc   43%         2
 Wereblood                Tmut           0%         N/A       43%         2
 Frozen Ramparts          Ice            0%         1d1       67%         3
 Hailstorm                Conj/Ice       0%         3d3       67%         3
 Spider Form              Tmut/Pois      0%         N/A       67%         3
 Airstrike                Air            0%         2d(0-16)  97%         4
 Anguish                  Hex/Necr       0%         N/A       97%         4
 Olgreb's Toxic Radiance  Pois           0%         N/A       97%         4
 Summon Lightning Spire   Summ/Air       0%         N/A       97%         4
 Enfeeble                 Hex            0%         N/A       100%        7


Dungeon Overview and Level Annotations

Branches:
Dungeon (6/15)             Temple (1/1) D:5

Altars:
Cheibriados
Dithmenos
Elyvilon
Fedhas
Gozag
Hepliaklqana
Makhleb
Nemelex Xobeh
Okawaru
Ru
Sif Muna
Trog
Uskayaw
Vehumet
Wu Jian
Xom
Zin
The Shining One

Shops:
D:3 [   D:6 *


Innate Abilities, Weirdness & Mutations

You cannot wear most types of armour.
You are amphibious.
You can wear up to eight rings at the same time.
Your skin changes colour to match your surroundings (Stealth+).
Your rubbery body absorbs attacks. (AC +1, EV +1)
((You are camouflaged when in or above water. (Stealth+)))
You have tentacles for arms and can constrict up to eight enemies at once.


Message History

A scorpion comes into view.
The ice beast closely misses you.
You hit the ice beast. Your squeeze misses the ice beast.
The ice beast is moderately wounded.
The scorpion stings you.
You are poisoned.
The scorpion poisons you! The ice beast completely misses you.
You hit the ice beast. Your squeeze misses the ice beast.
The ice beast is moderately wounded.
You feel sick. The scorpion stings you. The ice beast hits you.
The ice beast freezes you. You resist. The scorpion stings you.
You are more poisoned.
The scorpion poisons you! The ice beast attacks as you move away!
The ice beast hits you. The ice beast freezes you! You resist.
You feel very sick.
You hit the ice beast. You squeeze the ice beast!
The ice beast is severely wounded.
You feel very sick. The ice beast misses you.
You hit the ice beast but do no damage.
The ice beast is severely wounded.
You feel very sick. The ice beast closely misses you.
You feel better. The ice beast hits you. The ice beast freezes you. You resist.
* * * LOW HITPOINT WARNING * * *
The ice beast attacks as you move away! The ice beast hits you.
* * * LOW HITPOINT WARNING * * *
The ice beast freezes you. You resist.
* * * LOW HITPOINT WARNING * * *
You barely miss the ice beast.
The ice beast is severely wounded.
The ice beast misses you.
You completely miss the ice beast.
The ice beast is heavily wounded.
The ice beast hits you.
* * * LOW HITPOINT WARNING * * *
The ice beast freezes you. You resist.
You die...
Your body crumbles into a pile of gold.

#.#.####.##
#.#.#.<....
#?#.#......
#.......... $
#..........
#.......... $
#s# #Y#
..######@#
........>#
..######'##
#.....# #
####..∩..#.#
#..........#
#.##.....### #
#. #.....#
####.#.##.....#


You could see an ice beast and a scorpion.

Vanquished Creatures
  Sigmund (D:3)
  A black bear (D:4)
  2 centaurs
  A scorpion (D:5)
  A gnoll bouda (D:3)
  2 hounds (D:5)
  A jelly (D:5)
  An orc priest (D:4)
  Jessica (D:2)
  A sleepcap (D:4)
  An iguana (D:3)
  6 gnolls
  6 adders
  An ufetubus (D:5)
  A worm (D:5)
  2 dart slugs
  4 orcs
  6 endoplasms
  2 giant cockroaches
  10 goblins
  5 hobgoblins
  2 jackals (D:3)
  4 quokkas
  12 ball pythons
  6 bats
  4 frilled lizards
  9 kobolds
  3 rats
96 creatures vanquished.

Notes
Turn   | Place    | Note
-------+----------+-------------------------------------------
     0 | D:1      | senseless the Octopode Hunter began the quest for the Orb.
     0 | D:1      | Reached XP level 1. HP: 14/14 MP: 1/1
   108 | D:1      | Reached XP level 2. HP: 19/19 MP: 2/2
   449 | D:1      | Reached XP level 3. HP: 25/25 MP: 3/3
  1478 | D:2      | Noticed Jessica
  1484 | D:2      | Killed Jessica
  1485 | D:2      | Reached XP level 4. HP: 14/30 MP: 4/4
  1921 | D:3      | Noticed Sigmund
  1933 | D:3      | Killed Sigmund
  1934 | D:3      | Reached skill level 5 in Ranged Weapons
  1934 | D:3      | Reached XP level 5. HP: 35/36 MP: 5/5
  1934 | D:3      | Reached XP level 6. HP: 41/42 MP: 6/6
  1941 | D:3      | Found Zoex Duzxeqa's Armour Shop.
  1974 | D:3      | Found a faded altar of an unknown god.
  2420 | D:4      | Noticed a black bear
  2428 | D:4      | Killed a black bear
  2429 | D:4      | Reached skill level 5 in Stealth
  2429 | D:4      | Reached XP level 7. HP: 39/48 MP: 7/7
  3203 | D:5      | Entered Level 5 of the Dungeon
  3393 | D:5      | Found a staircase to the Ecumenical Temple.
  3399 | Temple   | Entered the Ecumenical Temple
  3638 | Temple   | Became a worshipper of Gozag Ym Sagoz the Greedy
  4256 | D:6      | Reached XP level 8. HP: 39/54 MP: 8/8
  4331 | D:6      | Found Pulor's Assorted Antiques.
  4340 | D:6      | Bought a scroll labelled XOHYST HUXUIWO for 23 gold pieces
  4359 | D:6      | Slain by an ice beast

Illustrated notes

Levels and vault maps discovered:
D:1:      grunt_arrival_lava_bath, layout_basic, minmay_cut_off
D:2:      layout_loops_ring, uniq_jessica
D:3:      layout_basic, basic_ecumenical_altar, serial_shops,
          nicolae_diamond_shop, uniq_sigmund
D:4:      layout_basic
D:5:      layout_cave_pools, minmay_temple_entry_trees
D:6:      layout_basic, serial_shops, shop
Temple:   hc_temple_tempest_star

Skill      XL: |  1  2  3  4  5  6  7 |
---------------+----------------------+-----
Stealth        | 2 3 4 5 6 |  6.3
Fighting       | 3 4 |  4.8
Ranged Weapons | 5 6 |  6.0
Dodging        | 3 4 |  4.7

Action                     |  1- 3 |  4- 6 |  7- 9 || total
---------------------------+-------+-------+-------++-------
  Melee: Whip              |     7 |     9 |    22 ||    38
         Constrict         |     3 |     2 |     5 ||    10
         Tentacles         |     2 |     2 |     9 ||    13
   Fire: Shortbow          |   104 |    47 |       ||   151
         Sling             |       |    36 |    77 ||   113
    Use: Scroll            |       |     9 |     8 ||    17
         Potion            |       |       |     1 ||     1
   Stab: Sleeping          |       |     1 |       ||     1
 Armour: Skin              |     3 |     2 |     5 ||    10
  Dodge: Dodged            |    39 |    41 |    40 ||   120

Table legend: (Time is in decaauts)
 A = Elapsed time spent in this place.
 B = Non-inter-level travel time spent in this place.
 C = Inter-level travel time spent in this place.
 D = Time resting spent in this place.
 E = Time spent auto-exploring this place.
 F = Levels seen in this place.
 G = Mean time per level.
                   A        B        C        D        E       F      G
               +--------+--------+--------+--------+--------+-----+--------+
         Total |   4406 |   4208 |    198 |    288 |   3264 |   7 |  629.4 |
       Dungeon |   4157 |   3999 |    158 |    288 |   3075 |   6 |  692.8 |
        Temple |    248 |    208 |     40 |      0 |    189 |   1 |  248.0 |
               +--------+--------+--------+--------+--------+-----+--------+

Top non-repeatable levels by time:
     D:1: 918 daAuts
     D:4: 880 daAuts
     D:5: 759 daAuts
     D:2: 758 daAuts
     D:3: 721 daAuts
  Temple: 248 daAuts
     D:6: 119 daAuts
